 Dungeon Crawl Stone Soup version 0.21-a0-91-ga5031da (webtiles) character file.

97 Ijustatesigmund the Skirmisher (level 4, -2/50 HPs)
             Began as an Ogre Fighter on June 30, 2017.
             Slain by Sigmund
             ... wielding a +4 scythe of slicing
              (5 damage)
             ... on level 3 of the Dungeon.
             The game lasted 00:04:19 (2038 turns).

Ijustatesigmund the Skirmisher (Ogre Fighter)       Turns: 2038, Time: 00:04:19

Health: -2/50      AC:  3    Str: 25    XL:     4   Next: 68%
Magic:  4/4        EV:  8    Int:  9    God:
Gold:   117        SH:  8    Dex:  9    Spells: 3/3 levels left

rFire    . . .     SeeInvis .   a - +0 trident
rCold    . . .     Gourm    .   c - +0 shield
rNeg     . . .     Faith    .   b - +0 robe
rPois    +         Spirit   .   (helmet restricted)
rElec    .         Reflect  .   (no cloak)
rCorr    .         Harm     .   (gloves unavailable)
MR       .....                  (boots unavailable)
Stlth    +.........             (no amulet)
HPRegen  0.16/turn              j - ring of poison resistance
MPRegen  0.09/turn              (no ring)

@: mighty, hasted, very quick
A: unfitting armour, tough skin 1
a: no special abilities


You were on level 3 of the Dungeon.
You were hungry.

You visited 1 branch of the dungeon, and saw 3 of its levels.

You collected 117 gold pieces.

Inventory:

Hand Weapons
 a - a +0 trident (weapon)
Armour
 b - a +0 robe (worn)
 c - a +0 shield (worn)
Jewellery
 j - a ring of poison resistance (left hand)
 q - a +3 ring of strength {unknown}
Scrolls
 e - a scroll of recharging
 h - a scroll of remove curse
 n - a scroll of blinking {unknown}
 p - a scroll of magic mapping {unknown}
 r - a scroll of identify
Potions
 i - a potion of mutation {unknown}
 o - a potion of brilliance {unknown}
Comestibles
 f - 5 bread rations
 g - 2 fruits
 m - a meat ration


   Skills:
 + Level 5.6 Fighting
 + Level 3.6 Polearms
 - Level 2.6 Dodging
 - Level 2.6 Shields


You had 3 spell levels left.
You didn't know any spells.

Dungeon Overview and Level Annotations

Branches:
Dungeon (3/15)

Altars:
Trog

Annotations:
D:3 Sigmund


Innate Abilities, Weirdness & Mutations

You are too large for most types of armour.
You have tough skin. (AC +1)


Message History

You block Sigmund's attack.
You feel better.
You closely miss Sigmund.
Sigmund is severely wounded.
Sigmund casts a spell at you. The puff of flame hits you!
Sigmund hits you with a scythe of slicing!
* * * LOW HITPOINT WARNING * * *
x2 You closely miss Sigmund.
Sigmund is severely wounded.
You feel better.
Sigmund points at you and mumbles some strange words.
You resist with some effort.
It was a potion of haste.
You feel yourself speed up. Sigmund closely misses you.
Your shield prevents you from hitting Sigmund.
Sigmund is severely wounded.
Sigmund hits you with a scythe of slicing!
* * * LOW HITPOINT WARNING * * *
You die...

# #.#..#...##.#....###.# #.#
#........##.##.......######.#
###.........##.#............#
##.#########.##############
#.# #.# ..# #.# #### #.# #.##
#@.# #...@.#.# #.#..###.#
...# ## #.## #. #. # #(# #.#
#.#


You could see Sigmund.

Vanquished Creatures
  2 adders
  4 worms (D:2)
  6 dart slugs
  An orc (D:3)
  A ball python (D:2)
  3 giant cockroaches
  6 goblins
  6 hobgoblins
  2 jackals (D:3)
  8 kobolds
  A quokka (D:2)
  5 bats
  2 frilled lizards (D:2)
  6 rats
53 creatures vanquished.

Notes
Turn   | Place    | Note
-------+----------+-------------------------------------------
     0 | D:1      | Ijustatesigmund the Ogre Fighter began the quest for the Orb.
     0 | D:1      | Reached XP level 1. HP: 24/24 MP: 1/1
    87 | D:1      | Reached XP level 2. HP: 29/32 MP: 2/2
   289 | D:1      | Reached XP level 3. HP: 38/40 MP: 3/3
   877 | D:2      | Reached skill level 5 in Fighting
  1148 | D:2      | Reached XP level 4. HP: 44/50 MP: 4/4
  1194 | D:2      | Noticed a moth of wrath
  1230 | D:2      | Found a bloodstained altar of Trog.
  2023 | D:3      | Noticed Sigmund
  2038 | D:3      | Slain by Sigmund

Vault maps used:
D:1:      dpeg_arrival_orchard, minmay_liquid_box
D:2:      first_bread, minivault_26, tgw_trog
D:3:      uniq_sigmund

Skill      XL: |  1  2  3 |
---------------+----------+-----
Polearms       | 3 |  3.6
Fighting       | 5 |  5.6
Dodging        | |  2.6
Shields        | |  2.6

Action                   |  1- 3 |  4- 6 || total
-------------------------+-------+-------++-------
Melee: Trident           |   108 |    76 ||   184
  Use: Scroll            |     5 |     1 ||     6
       Potion            |       |     4 ||     4
 Stab: Sleeping          |     1 |     1 ||     2
  Eat: Chunk             |     1 |     2 ||     3
Armor: Robe              |    21 |    11 ||    32
Dodge: Dodged            |    30 |    18 ||    48
Block: Shield            |    34 |    17 ||    51
